 Dungeon Crawl Stone Soup version 0.31.0-9-g3a7656b989 (webtiles) character file.

Game seed: 15558430053180037542

144 qw the Shooter (level 5, 0/26 HPs)
             Began as a Spriggan Hunter on Feb 2, 2024.
             Killed by divine providence
             ... invoked by an orc priest
              (10 damage)
             ... on level 3 of the Dungeon.
             The game lasted 00:00:08 (2436 turns).

qw the Shooter (Spriggan Hunter)                    Turns: 2436, Time: 00:00:09

Health: 0/26       AC:  4    Str:  7    XL:     5   Next: 5%
Magic:  6/6        EV: 20    Int:  9    God:
Gold:   188        SH:  0    Dex: 20    Spells: 4/4 levels left

rFire   . . .        a - +1 shortbow
rCold   . . .        (shield currently unavailable)
rNeg    . . .        c - +0 robe
rPois   .            (helmet restricted)
rElec   .            m - +1 cloak
rCorr   .            (gloves unavailable)
SInv    +            (boots unavailable)
Will    .....        (no amulet)
Stlth   ++           (no ring)
HPRegen 0.24/turn    (no ring)
MPRegen 0.10/turn

%: no passive effects
@: very quick
A: very small, no large weapons, unfitting armour, see invisible, speed 3, dopey
1
a: no special abilities


You were on level 3 of the Dungeon.
You visited 1 branch of the dungeon, and saw 4 of its levels.

You collected 188 gold pieces.


Innate Abilities, Weirdness & Mutations

You are very small and have problems with some larger weapons.
You are too small for most types of armour.
You have supernaturally acute eyesight. (SInv)
You cover ground extremely quickly. (Speed+++)
You are dopey. (Int -2)


   Skills:
 - Level 2.0 Fighting
 + Level 5.2 Ranged Weapons
 - Level 5.0 Dodging
 - Level 1.5 Stealth


You had 4 spell levels left.
You didn't know any spells.
Your spell library was empty.

Inventory:

Hand Weapons
 a - a +1 shortbow (weapon)
Armour
 c - a +0 robe (worn)
 m - a +1 cloak (worn)
Wands
 j - a wand of paralysis (8)
 n - a wand of roots (11)
 p - a wand of mindburst (4)
 t - a wand of polymorph (7)
Scrolls
 q - a scroll of teleportation
Potions
 d - a potion of heal wounds
 e - a potion of resistance {unknown}
 f - a potion of magic {unknown}
 g - a potion of curing {unknown}
 i - a potion of attraction {unknown}
 k - a potion of brilliance {unknown}
 l - a potion of might
 r - a potion of mutation
 s - a potion of enlightenment {unknown}

Dungeon Overview and Level Annotations

Branches:
Dungeon (4/15)
 Temple: D:4-7

Altars:
Ru

Annotations:
D:3 2 runed translucent doors, qw's ghost, amateur SpHu


Message History

You shoot an arrow. The arrow hits the orc wizard.
The orc wizard is heavily wounded.
The orc wizard misses you.
The orc wizard casts a spell.
The orc wizard flickers and vanishes for a moment.
You shoot an arrow. The arrow hits the orc wizard.
The orc wizard is almost dead.
The orc wizard hits you with a +0 dagger.
You shoot an arrow. The arrow barely misses the orc wizard.
The orc wizard hits you but does no damage.
You shoot an arrow. The arrow hits the orc wizard!
You kill the orc wizard!
You have reached level 5!
You feel clever.
You start resting.
HP restored.
You climb downwards.
The orc closely misses you. The orc completely misses you.
The orc priest calls down the wrath of Beogh upon you.
Beogh smites you!
Ouch! That really hurt!
The ball python hisses angrily.
There is a stone staircase leading up here.
2432 ||| STAIRDANCE The orc priest looks satisfied for a moment.
The orc hits you with a +0 club.
You climb upwards.
Level annotation: 2 runed translucent doors, qw's ghost, amateur SpHu
There is a stone staircase leading down here.
You shoot an arrow.
The arrow closely misses the orc priest.
The orc priest casts a cantrip, but nothing happens.
The orc closely misses you.
You shoot an arrow. The arrow hits the orc priest!
The orc priest is severely wounded.
The orc barely misses you. The orc priest closely misses you.
You shoot an arrow.
The arrow closely misses the orc priest.
The orc misses you.
The orc priest mumbles some strange prayers to Beogh against you.
Beogh smites you!
You die...

##.## ##...##
##.....##
#########.......####
...................#
....###.........##.#
#####
#..#.....###.######
####
#..##...####(..)..#
...#
#........o@#..###.#
##.# ##.##...##o#..#
#.# ##.#
#.###.......<# #.#
##.# #.# #####.#.##
#.# ##.# #.# #.#.#
#.# ##.#####.# #.#.#
#.# .>.......# #.#.#
#.#########
...####### #.#.#
#.......... ####
#.#.# #####.%.....


You could see an orc priest and an orc.

Vanquished Creatures
  An orc wizard (D:3)
  Terence (D:2)
  4 adders
  3 dart slugs (D:2)
  2 ribbon worms
  4 endoplasms
  5 goblins
  2 hobgoblins (D:1)
  A quokka (D:1)
  9 ball pythons
  4 bats
  3 frilled lizards
  7 kobolds
  5 rats
51 creatures vanquished.

Notes
Turn   | Place    | Note
-------+----------+-------------------------------------------
     0 | D:1      | qw the Spriggan Hunter began the quest for the Orb.
     0 | D:1      | Reached XP level 1. HP: 10/10 MP: 2/2
     0 | D:1      | 0 ||| qw: Version: 0.3-a-155-g5e7d8dd
     0 | D:1      | 0 ||| qw: Game counter: 2698
     0 | D:1      | 0 ||| qw: Melee chars always use a shield: true
     0 | D:1      | 0 ||| qw: God list: Okawaru
     0 | D:1      | 0 ||| qw: Allow faded altars: false
     0 | D:1      | 0 ||| qw: Do Orc after clearing Dungeon:15 true
     0 | D:1      | 0 ||| qw: Do second Lair branch before Depths: true
     0 | D:1      | 0 ||| qw: Lair rune preference: random
     0 | D:1      | 0 ||| qw: Goals: Normal
     0 | D:1      | 0 ||| PLANNING D:1-11
    42 | D:1      | Reached skill level 3 in Dodging
   116 | D:1      | Reached XP level 2. HP: 7/14 MP: 3/3
   606 | D:1      | 606 ||| READING scroll labelled WORIXA JYPSOED.
   610 | D:1      | 610 ||| DROPPING scroll of butterflies.
   738 | D:2      | Reached XP level 3. HP: 12/18 MP: 4/4
  1114 | D:2      | You fall into a shaft and drop 1 floor!
  1151 | D:3      | Found a sacrificial altar of Ru.
  1234 | D:3      | 1234 ||| UPGRADING to +1 cloak.
  1239 | D:3      | 1239 ||| DROPPING ring of wizardry.
  1240 | D:3      | 1240 ||| READING scroll labelled CODGHY DUOKAUXT.
  1241 | D:3      | 1241 ||| READING scroll labelled TIUNED DOZU.
  1241 | D:3      | 1241 ||| IDENTIFYING metallic yellow potion
  1242 | D:3      | 1242 ||| READING scroll labelled CIJURU GEOSH.
  1243 | D:3      | 1243 ||| READING scroll labelled MAS TEUGADI.
  1244 | D:3      | 1244 ||| DRINKING 2 fizzy amethyst potions.
  1313 | D:2      | Reached XP level 4. HP: 22/22 MP: 5/5
  1368 | D:2      | Found a faded altar of an unknown god.
  1497 | D:2      | Noticed Terence
  1502 | D:2      | Killed Terence
  2176 | D:3      | Found a runed translucent door.
  2176 | D:3      | Noticed a bullfrog
  2178 | D:3      | Noticed qw's ghost (amateur SpHu)
  2268 | D:3      | Found a runed translucent door.
  2333 | D:3      | 2333 ||| READING scroll of identify.
  2333 | D:3      | 2333 ||| IDENTIFYING cyan potion
  2334 | D:3      | 2334 ||| READING scroll labelled OGGAOFUROH.
  2334 | D:3      | 2334 ||| ENCHANTING +0 shortbow.
  2335 | D:3      | 2335 ||| DRINKING 2 sedimented dark potions.
  2335 | D:3      | Gained mutation: You are dopey. (Int -2) [potion of
                  | mutation]
  2336 | D:3      | 2336 ||| DROPPING potion of degeneration.
  2399 | D:4      | 2399 ||| STAIRDANCE
  2415 | D:4      | 2415 ||| STAIRDANCE
  2422 | D:3      | Reached XP level 5. HP: 24/26 MP: 6/6
  2432 | D:4      | 2432 ||| STAIRDANCE
  2436 | D:3      | Killed from afar by an orc priest

Levels and vault maps discovered:
D:1:      minmay_arrival_statue_studded, layout_basic, chequers_big_river,
          minmay_tripent
D:2:      layout_basic, basic_ecumenical_altar, kennysheep_generic_room_7,
          uniq_terence
D:3:      layout_loops_ring, lemuel_crystal_altar, ebering_ghost_sewer_f
D:4:      layout_layer_cave, general_overflow_altar, minitemple, serial_shops,
          nicolae_shop_pleasant_corner_grove, uniq_crazy_yiuf_cottage,
          uniq_sigmund

Skill      XL: |  1  2  3  4 |
---------------+-------------+-----
Dodging        | 3 4 5 |  5.0
Ranged Weapons | 5 |  5.2
Fighting       | 2 |  2.0
Stealth        | |  1.5

Action                     |  1- 3 |  4- 6 || total
---------------------------+-------+-------++-------
   Fire: Shortbow          |    90 |    43 ||   133
    Use: Scroll            |     5 |     2 ||     7
         Potion            |     1 |     1 ||     2
 Armour: Robe              |    10 |     9 ||    19
  Dodge: Dodged            |    34 |    17 ||    51

Table legend:
 A = Non-vault XP
 B = Vault XP
 C = Vault XP percentage of total XP
 D = Non-vault monster count
 E = Vault monster count
 F = Vault count percentage of total count
                 A         B        C        D         E       F
            +---------+---------+-------+---------+---------+-------
      Total |     165 |      42 |  20.3 |      46 |       5 |   9.8
            +---------+---------+-------+---------+---------+-------
        D:1 |      20 |       3 |  13.0 |      13 |       2 |  13.3
        D:2 |      75 |      39 |  34.2 |      21 |       3 |  12.5
        D:3 |      70 |       0 |   0.0 |      12 |       0 |   0.0
            +---------+---------+-------+---------+---------+-------
